 Dungeon Crawl Stone Soup version 0.30-a0-722-g3e6e8c874d (webtiles) character file.

Game seed: 7024653358069374173

128 warriortoast the Shooter (level 4, -4/24 HPs)
             Began as a Spriggan Hunter on Jan 27, 2023.
             Slain by an orc
             ... wielding a +0 morningstar
              (9 damage)
             ... on level 4 of the Dungeon.
             The game lasted 00:09:59 (2257 turns).

warriortoast the Shooter (Spriggan Hunter)          Turns: 2257, Time: 00:10:00

Health: -4/24      AC:  2    Str:  7    XL:     4   Next: 87%
Magic:  5/5        EV: 18    Int: 10    God:
Gold:   183        SH:  0    Dex: 20    Spells: 3/3 levels left

rFire   + . .      SeeInvis +    a - +0 shortbow
rCold   . . .      Faith    .    (shield currently unavailable)
rNeg    . . .      Spirit   .    c - +0 robe
rPois   .          Reflect  .    (helmet restricted)
rElec   .          Harm     .    (no cloak)
rCorr   .          Rampage  .    (gloves unavailable)
Will    +....                    (boots unavailable)
Stlth   ++                       (no amulet)
HPRegen 0.24/turn                l - ring of protection from fire
MPRegen 0.09/turn                g - ring of willpower

@: very quick
A: very small, no large weapons, unfitting armour, see invisible, speed 3
a: no special abilities


You were on level 4 of the Dungeon.
You visited 1 branch of the dungeon, and saw 4 of its levels.

You collected 183 gold pieces.

Inventory:

Hand Weapons
 a - a +0 shortbow (weapon)
Missiles
 f - 3 stones
Armour
 c - a +0 robe (worn)
Jewellery
 g - a ring of willpower (right hand)
 l - a ring of protection from fire (left hand)
Wands
 n - a wand of flame (21)
Scrolls
 b - a scroll of immolation
 e - a scroll of identify
 o - a scroll of amnesia {unknown}
Potions
 d - a potion of degeneration {unknown}
 j - a potion of invisibility {unknown}
 m - 2 potions of curing {unknown}


   Skills:
 + Level 3.2 Fighting
 + Level 5.2 Ranged Weapons
 - Level 2.6 Dodging
 - Level 1.5 Stealth


You had 3 spell levels left.
You didn't know any spells.
Your spell library contained the following spells:

 Spells                   Type           Power      Damage    Failure   Level
 Scorch                   Fire           0%         2d5       50%         2
 Frozen Ramparts          Ice            0%         1d1       75%         3
 Animate Dead             Necr           0%         N/A       98%         4
 Flame Wave               Conj/Fire      0%         2d4       98%         4
 Ice Form                 Ice/Tmut       0%         N/A       98%         4
 Summon Ice Beast         Ice/Summ       0%         N/A       98%         4
 Borgnjor's Vile Clutch   Necr/Erth      0%         N/A       100%        5
 Death Channel            Necr           0%         N/A       100%        6
 Summon Cactus Giant      Summ           0%         N/A       100%        6


Dungeon Overview and Level Annotations

Branches:
Dungeon (4/15)
 Temple: D:4-7

Altars:
Dithmenos

Shops:
D:4 (


Innate Abilities, Weirdness & Mutations

You are very small and have problems with some larger weapons.
You are too small for most types of armour.
You have supernaturally acute eyesight. (SInv)
You cover ground extremely quickly. (Speed+++)


Message History

The iguana is moderately wounded.
The orc closely misses you.
You shoot an arrow. The arrow hits the orc.
You kill the orc!
You shoot an arrow. The arrow closely misses the iguana.
The arrow hits the worm!
The worm is severely wounded.
You start waiting.
An iguana is nearby!
You shoot an arrow. The arrow hits the iguana.
The iguana is heavily wounded.
You shoot an arrow. The arrow hits the iguana.
The iguana is heavily wounded.
You shoot an arrow. The arrow closely misses the iguana.
You shoot an arrow.
The arrow hits the iguana but does no damage.
The iguana is heavily wounded.
The iguana bites you!
Ouch! That really hurt!
You are too injured to fight recklessly!
You are too injured to fight recklessly!
You are too injured to fight recklessly!
You are too injured to fight recklessly!
A goblin comes into view. It is wielding a +0 club.
A goblin comes into view. It is wielding a +0 dagger.
The goblin shouts!
The orc shouts!
You shoot an arrow. The goblin shouts!
The arrow hits the goblin.
The goblin is heavily wounded.
The goblin hits you with a +0 dagger. The orc hits you but does no damage.
The goblin hits you with a +0 club.
* * * LOW HITPOINT WARNING * * *
The goblin closely misses you. The goblin hits you with a +0 dagger.
* * * LOW HITPOINT WARNING * * *
The goblin barely misses you. The goblin completely misses you.
The orc misses you. The orc hits you with a +0 morningstar!
You die...

########## #........#
#...gg...# #...ol...#
#..@.....# ####'###.####
******* **#.# #....#
,,,,,,* *,..# ####.#
,,,,,,*********.########.#
,,,,,,+,,,,,,,,,,......>l#
,,,,,,***##############..#
,,,,,,*
#...............###
,,,,,,*
#.................#


You could see an iguana, an orc and 2 goblins.

Vanquished Creatures
  An iguana (D:3)
  2 adders
  5 worms
  2 dart slugs
  5 orcs (D:4)
  4 ball pythons
  6 endoplasms
  3 giant cockroaches
  2 goblins
  4 hobgoblins
  4 quokkas
  6 bats
  5 frilled lizards
  4 kobolds
  5 rats
58 creatures vanquished.

Notes
Turn   | Place    | Note
-------+----------+-------------------------------------------
     0 | D:1      | warriortoast the Spriggan Hunter began the quest for the
                  | Orb.
     0 | D:1      | Reached XP level 1. HP: 10/10 MP: 2/2
    78 | D:1      | Reached XP level 2. HP: 15/15 MP: 3/3
   584 | D:2      | Reached XP level 3. HP: 19/19 MP: 4/4
  1092 | D:3      | Found a shadowy altar of Dithmenos.
  1355 | D:3      | Reached XP level 4. HP: 23/23 MP: 5/5
  1679 | D:4      | Found Yxaskouq's Antique Weapon Shoppe.
  1681 | D:4      | Noticed an ice beast
  1771 | D:4      | Reached skill level 5 in Ranged Weapons
  2257 | D:4      | Slain by an orc

Illustrated notes

Levels and vault maps discovered:
D:1:      wander_arrival_estate, layout_basic
D:2:      layout_basic, nicolae_kite_square_tiling_tiny, minmay_misc_feat_tiny,
          minmay_misc_feat_square
D:3:      layout_loops_ring, nicolae_dithmenos_the_darkroom
D:4:      layout_basic, trog_wizard, serial_shops,
          nicolae_shop_temple_entry_statues_fountains, kennysheep_nondescript

Skill      XL: |  1  2  3  4 |
---------------+-------------+-----
Fighting       | 2 3 |  3.2
Ranged Weapons | 5 |  5.2
Dodging        | |  2.6
Stealth        | |  1.5

Action                     |  1- 3 |  4- 6 || total
---------------------------+-------+-------++-------
   Fire: Shortbow          |    90 |    67 ||   157
    Use: Scroll            |       |     6 ||     6
         Potion            |       |     1 ||     1
 Armour: Robe              |     1 |     3 ||     4
  Dodge: Dodged            |    21 |    23 ||    44

Table legend: (Time is in decaauts)
 A = Elapsed time spent in this place.
 B = Non-inter-level travel time spent in this place.
 C = Inter-level travel time spent in this place.
 D = Time resting spent in this place.
 E = Time spent auto-exploring this place.
 F = Levels seen in this place.
 G = Mean time per level.
                   A        B        C        D        E       F      G
               +--------+--------+--------+--------+--------+-----+--------+
         Total |   1647 |   1611 |     36 |    365 |    843 |   4 |  411.8 |
       Dungeon |   1647 |   1611 |     36 |    365 |    843 |   4 |  411.8 |
               +--------+--------+--------+--------+--------+-----+--------+

Top non-repeatable levels by time:
     D:3: 769 daAuts
     D:1: 373 daAuts
     D:2: 336 daAuts
     D:4: 169 daAuts
